 Dungeon Crawl Stone Soup version 0.30-a0-50-gb2d611f6b1 (webtiles) character file.

Game seed: 7346190532977149587

166 ytrimaz the Trooper (level 5, -11/42 HPs)
             Began as a Demonspawn Fighter on Sept 4, 2022.
             Killed by divine providence
             ... invoked by an orc priest
              (16 damage)
             ... on level 3 of the Dungeon.
             The game lasted 00:02:45 (3564 turns).

ytrimaz the Trooper (Demonspawn Fighter)            Turns: 3564, Time: 00:02:46

Health: -11/42     AC: 10    Str: 16 (18) XL:     5   Next: 22%
Magic:  5/5        EV: 10    Int:  8 (9)  God:
Gold:   111        SH:  4    Dex: 10 (13) Spells: 4/4 levels left

rFire   . . .      SeeInvis +      - Unarmed
rCold   . . .      Faith    .    c - +0 buckler
rNeg    . . .      Spirit   .    b - +0 scale mail
rPois   .          Reflect  .    (no helmet)
rElec   .          Harm     .    (no cloak)
rCorr   .          Rampage  .    (no gloves)
Will    .....                    (no boots)
Stlth   ..........               (no amulet)
HPRegen 0.14/turn                d - +4 ring of protection
MPRegen 0.09/turn                j - ring of see invisible

@: no status effects
A: claws 1, repulsion field 1, demonic guardian 2
a: no special abilities


You were on level 3 of the Dungeon.
You visited 1 branch of the dungeon, and saw 3 of its levels.

You collected 111 gold pieces.


Innate Abilities, Weirdness & Mutations

You have sharp fingernails.
You are surrounded by a mild repulsion field. (EV +2)
A demonic guardian rushes to your aid.


   Skills:
 + Level 4.2 Fighting
 - Level 1.7 Short Blades
 - Level 2.6 Armour
 - Level 4.0 Shields
 * Level 2.1 Unarmed Combat


You had 4 spell levels left.
You didn't know any spells.
Your spell library contained the following spells:

 Spells                   Type           Power      Damage    Failure   Level
 Ensorcelled Hibernation  Hex/Ice        0%         N/A       97%         2
 Passwall                 Tmut/Erth      0%         N/A       97%         2
 Dazzling Flash           Conj/Hex       0%         N/A       99%         3
 Swiftness                Air            0%         N/A       99%         3
 Ice Form                 Ice/Tmut       0%         N/A       100%        4
 Agony                    Necr           0%         N/A       100%        5
 Blade Hands              Tmut           0%         N/A       100%        5
 Silence                  Hex/Air        0%         N/A       100%        5

Inventory:

Hand Weapons
 a - a +0 rapier {short}
Missiles
 e - 14 poisoned darts (quivered) {throwing}
 k - 4 stones {throwing}
Armour
 b - a +0 scale mail (worn)
 c - a +0 buckler (worn)
Jewellery
 d - a +4 ring of protection (left claw)
   (You found it on level 2 of the Dungeon)
 j - a ring of see invisible (right claw)
   (You found it on level 2 of the Dungeon)
Wands
 i - a wand of flame (18)
   (You took it off Natasha on level 2 of the Dungeon)
Potions
 h - a potion of curing {@q1}

Dungeon Overview and Level Annotations

Branches:
Dungeon (3/15) Zot: 14411

Altars:

Annotations:
D:3 Ijyb

#.##..#.#
#....<#.#
###..####.#
#.........#
#.######### #.#
#.# #.#
###########@###
.......).....>#
###########.#4#
#.#o# #.#o#
#.#o# #g#o#
#[#o# #.#.#


You could see Ijyb, an orc priest (corroded, ally target) and a friendly rust
devil (summoned).


Message History

You barely miss the kobold.
The kobold hits you with a +0 short sword. 😕 HP[-4]
You take 4 damage, and now have 38/42 hp.
You scratch the kobold.
You kill the kobold! 😕 HP[+1] No target in view!
e - 14 poisoned darts {throwing} (gained 8)
You see here a +0 short sword {short}.
Unknown command.
k - 4 stones {throwing} An orc priest and 3 orcs come into view.
The orc shouts! x2; The orc priest shouts!
The orc shouts!
You hear a shout! 😎 HP[+3]
Your hp is fully restored (42).
There are monsters nearby!
Unknown command.
There are monsters nearby!
An orc comes into view. It is wielding a +0 dagger.
The orc shouts!
The orc priest mumbles some strange prayers to Beogh against you.
Beogh smites you! 😮 HP[-12]
You take 12 damage, and now have 30/42 hp.
MASSIVE DAMAGE!! (PAUSE)
You block the orc priest's attack.
It was a potion of degeneration.
There was something very wrong with that liquid.
You feel weakened.
You feel dopey.
You feel clumsy. The orc priest closely misses you.
Unknown command.
It was a potion of heal wounds.
You feel much better.
The orc priest hits you with a +0 war axe! 😕 HP[+5]
You regained 5 hp, and now have 35/42 hp.
Unknown command.
You barely miss the orc priest.
A hobgoblin comes into view.
The orc priest calls down the wrath of Beogh upon you.
Pain shoots through your body! 😮 HP[-8]
You take 8 damage, and now have 27/42 hp.
The hobgoblin shouts!
You scratch the orc priest but do no damage.
The orc priest closely misses you.
You scratch the orc priest but do no damage.
The orc priest hits you with a +0 war axe. 😮 HP[-5]
You take 5 damage, and now have 22/42 hp.
Unknown command.
You scratch the orc priest but do no damage.
The orc priest hits you with a +0 war axe!
* * * LOW HITPOINT WARNING * * *
😨 HP[-8]
You take 8 damage, and now have 14/42 hp.
You scratch the orc priest but do no damage.
The orc priest hits you with a +0 war axe.
* * * LOW HITPOINT WARNING * * *
😱 HP[-5]
You take 5 damage, and now have 9/42 hp.
It was a potion of curing.
You feel better.
The orc priest invokes the aid of Beogh against you.
You barely resist. 😨 HP[+11]
You regained 11 hp, and now have 20/42 hp.
The orc priest attacks as you move away!
The orc priest hits you but does no damage.
The orc priest mumbles some strange prayers to Beogh against you.
Beogh smites you!
* * * LOW HITPOINT WARNING * * *
A demonic guardian appears! 😱 HP[-11]
You take 11 damage, and now have 9/42 hp.
MASSIVE DAMAGE!! (PAUSE)
You swap places.
Ijyb the Twisted Goblin comes into view.
She is wielding a +0 dagger and carrying a wand of flame (26).
Your rust devil hits the orc priest.
Your rust devil corrodes the orc priest!
What are your orders? t - Shout!
Orders for allies: a - Attack new target. r - Retreat! s - Stop attacking. g - Guard the area. f - Follow me.
Anything else - Cancel.
Gang up on whom?
Press: ? - help, Dir - move target, f - orc priest
Aim: an orc priest, wielding a +0 war axe and wearing a +0 chain mail (covered in acid, ally target) Attack!
The orc priest hits your rust devil with a +0 war axe.
Ijyb zaps a wand.
The puff of flame hits you.
* * * LOW HITPOINT WARNING * * *
Your rust devil hits the orc priest.
The orc priest seems to be corroded for longer. 😱 HP[-4]
You take 4 damage, and now have 5/42 hp.
The orc priest invokes the aid of Beogh against you.
Beogh smites you!
You die...

Skill      XL: |  1  2  3  4  5 |
---------------+----------------+-----
Shields        | 3 4 |  4.0
Unarmed Combat | 1 2 |  2.1
Fighting       | 4 |  4.2
Short Blades   | |  1.7
Armour         | |  2.6

Action                   |  1- 3 |  4- 6 || total
-------------------------+-------+-------++-------
Melee: Rapier            |    96 |    17 ||   113
       Unarmed           |       |    69 ||    69
  Use: Scroll            |     3 |     1 ||     4
       Potion            |     1 |     4 ||     5
Armor: Scale mail        |    43 |    28 ||    71
Dodge: Dodged            |    49 |    37 ||    86
Block: Buckler           |    31 |    18 ||    49

Levels and vault maps discovered:
D:1:      enne_arrival_octagon_isle, layout_basic
D:2:      layout_loops_ring, chequers_ecumenical_altar_island, uniq_natasha
D:3:      layout_basic, kennysheep_generic_room_9, uniq_ijyb

Notes
Turn   | Place    | Note
-------+----------+-------------------------------------------
     0 | D:1      | ytrimaz the Demonspawn Fighter began the quest for the Orb.
     0 | D:1      | Reached XP level 1. HP: 18/18 MP: 1/1
     0 | D:1      | magus.rc [v1.9.6]
    57 | D:1      | You pick up a book of the Senses and begin reading...
    57 | D:1      | You add the spells Dazzling Flash, Agony and Silence to
                  | your library.
   284 | D:1      | Reached skill level 3 in Shields
   924 | D:1      | Gained mutation: A weak demonic guardian rushes to your
                  | aid. [demonic ancestry]
   924 | D:1      | Reached XP level 2. HP: 23/24 MP: 2/2
  1033 | D:1      | You pick up a book of Burglary and begin reading...
  1033 | D:1      | You add the spells Passwall, Ensorcelled Hibernation and
                  | Swiftness to your library.
  1377 | D:2      | You add the spells Ice Form and Blade Hands to your
                  | library.
  1377 | D:2      | Got Asulif's Precepts of Permutations
  1813 | D:2      | Gained mutation: You have sharp fingernails. [demonic
                  | ancestry]
  1813 | D:2      | Reached XP level 3. HP: 20/29 MP: 3/3
  2339 | D:2      | Reached skill level 4 in Shields
  2359 | D:2      | Gained mutation: You are surrounded by a mild repulsion
                  | field. (EV +2) [demonic ancestry]
  2359 | D:2      | Reached XP level 4. HP: 15/37 MP: 4/4
  2612 | D:2      | Noticed Natasha
  2629 | D:2      | Killed Natasha
  2630 | D:2      | Reached skill level 1 in Unarmed Combat
  2750 | D:2      | Found a faded altar of an unknown god.
  2825 | D:2      | Reached skill level 4 in Fighting
  3015 | D:2      | Noticed Natasha
  3039 | D:2      | HP: 9/37 [Natasha/magic dart (8)]
  3040 | D:2      | Killed Natasha
  3041 | D:2      | Gained mutation: A demonic guardian rushes to your aid.
                  | [demonic ancestry]
  3041 | D:2      | Reached XP level 5. HP: 10/42 MP: 5/5
  3404 | D:2      | Noticed Natasha
  3413 | D:2      | Killed Natasha
  3414 | D:2      | Reached skill level 2 in Unarmed Combat
  3559 | D:3      | HP: 9/42 [orc priest/+0 war axe (5)]
  3562 | D:3      | Noticed Ijyb
  3564 | D:3      | Killed from afar by an orc priest

Vanquished Creatures
  Natasha (twice) (D:2)
  3 gnolls (D:2)
  3 adders (D:2)
  A ball python (D:1)
  2 bats (D:2)
  4 endoplasms
  A giant cockroach (D:2)
  3 goblins
  4 hobgoblins
  4 jackals (D:2)
  3 kobolds
  3 rats
33 creatures vanquished.

Vanquished Creatures (collateral kills)
  Natasha (D:2)
1 creature vanquished.

Grand Total: 34 creatures vanquished

Table legend:
 A = Non-vault XP
 B = Vault XP
 C = Vault XP percentage of total XP
 D = Non-vault monster count
 E = Vault monster count
 F = Vault count percentage of total count
                 A         B        C        D         E       F
            +---------+---------+-------+---------+---------+-------
      Total |     203 |      35 |  14.7 |      33 |       1 |   2.9
            +---------+---------+-------+---------+---------+-------
        D:1 |      12 |       0 |   0.0 |       7 |       0 |   0.0
        D:2 |     189 |      35 |  15.6 |      25 |       1 |   3.8
        D:3 |       2 |       0 |   0.0 |       1 |       0 |   0.0
            +---------+---------+-------+---------+---------+-------

Illustrated notes

Table legend:
 A = Kills in this place as a percentage of kills in entire the game.
 B = Kills by you in this place as a percentage of kills by you in the entire game.
 C = Kills by friends in this place as a percentage of kills by friends in the entire game.
 D = Other kills in this place as a percentage of other kills in the entire game.
 E = Experience gained in this place as a percentage of experience gained in the entire game.
 F = Experience gained in this place divided by the number of levels of this place that you have seen.
                   A       B       C       D       E      F
               +-------+-------+-------+-------+-------+----------------------
         Total | 100.0 | 100.0 | 100.0 |   N/A | 100.0 |  79.3
       Dungeon | 100.0 | 100.0 | 100.0 |   N/A | 100.0 |  79.3
               +-------+-------+-------+-------+-------+----------------------

Table legend: (Time is in decaauts)
 A = Elapsed time spent in this place.
 B = Non-inter-level travel time spent in this place.
 C = Inter-level travel time spent in this place.
 D = Time resting spent in this place.
 E = Time spent auto-exploring this place.
 F = Levels seen in this place.
 G = Mean time per level.
                   A        B        C        D        E       F      G
               +--------+--------+--------+--------+--------+-----+--------+
         Total |   3587 |   3467 |    120 |    390 |   2702 |   3 | 1195.7 |
       Dungeon |   3587 |   3467 |    120 |    390 |   2702 |   3 | 1195.7 |
               +--------+--------+--------+--------+--------+-----+--------+

Top non-repeatable levels by time:
     D:2: 2232 daAuts
     D:1: 1274 daAuts
     D:3: 79 daAuts
